 Dungeon Crawl Stone Soup version 0.32-a0-814-g0968bab981 (webtiles) character file.

Game seed: 1444665201320847125

5 Kurok the Sneak (level 1, -3/10 HPs)
             Began as a Kobold Enchanter on Mar 22, 2024.
             Slain by a gnoll
             ... wielding a +1 whip of distortion
              (6 damage)
             ... on level 4 of the Dungeon.
             The game lasted 00:02:43 (478 turns).

Kurok the Sneak (Kobold Enchanter)                   Turns: 478, Time: 00:02:44

Health: -3/10      AC:  2    Str:  5    XL:     1   Next: 88%
Magic:  3/3        EV: 14    Int: 16    God:
Gold:   64         SH:  0    Dex: 15    Spells: 4/4 levels left

rFire   . . .        a - +1 dagger
rCold   . . .        (no shield)
rNeg    . . .        b - +0 robe
rPois   .            (no helmet)
rElec   .            (no cloak)
rCorr   .            (no gloves)
SInv    .            (no boots)
Will    .....        (no amulet)
Stlth   ++++         (no ring)
HPRegen 0.21/turn    (no ring)
MPRegen 0.08/turn

%: no passive effects
@: invisible
A: small, no large weapons, nightstalker 3
a: no special abilities


You were on level 4 of the Dungeon.
You visited 1 branch of the dungeon, and saw 4 of its levels.

You collected 64 gold pieces.

Inventory:

Hand Weapons
 a - a +1 dagger (weapon)
Missiles
 f - 4 curare-tipped darts (quivered)
Armour
 b - a +0 robe (worn)
Scrolls
 h - a scroll of immolation {unknown}
 i - 3 scrolls of teleportation
Potions
 c - a potion of invisibility
 d - 2 potions of curing {unknown}
 e - a potion of haste {unknown}
 g - 2 potions of might {unknown}


   Skills:
 + Level 1.6 Short Blades
 + Level 2.5 Dodging
 + Level 4.1 Stealth
 + Level 2.3 Spellcasting
 + Level 3.0 Hexes


You had 4 spell levels left.
You didn't know any spells.
Your spell library contained the following spells:

 Spells                   Type           Power      Damage    Failure   Level
 Ensorcelled Hibernation  Hex/Ice        12%        N/A       16%         2
 Confusing Touch          Hex            11%        N/A       17%         3
 Tukima's Dance           Hex            11%        N/A       17%         3
 Dazzling Flash           Conj/Hex       12%        N/A       32%         3


Dungeon Overview and Level Annotations

Branches:
Dungeon (4/15)
 Temple: D:4-7

Altars:

Portals:
Abyss: D:4

Annotations:
D:3 Grinder
D:4 anet's ghost, amateur DjHW


Innate Abilities, Weirdness & Mutations

You are small and have problems with some larger weapons.
You are completely attuned to the shadows.


Message History

You barely miss the gnoll.
The gnoll is moderately wounded.
The gnoll closely misses you.
You barely miss the gnoll.
The gnoll is moderately wounded.
The gnoll misses you.
You closely miss the gnoll.
The gnoll is moderately wounded.
The gnoll closely misses you.
You hit the gnoll.
The gnoll is moderately wounded.
The gnoll closely misses you.
You closely miss the gnoll.
The gnoll is moderately wounded.
The gnoll closely misses you.
You hit the gnoll but do no damage.
The gnoll is moderately wounded.
Anet's ghost turns its malevolent gaze towards you.
The gnoll barely misses you.
You hit the gnoll.
The gnoll is heavily wounded.
The gnoll misses you.
The gnoll hits you with a +1 whip of distortion.
Space warps horribly around you. Anet's ghost casts a spell at you.
The magic dart hits you.
* * * LOW HITPOINT WARNING * * *
There is a transporter here.
You enter the transporter and appear at another place.
The gnoll barely misses you.
You fade into invisibility!
The gnoll completely misses you.
Anet's ghost whispers, "The ORB doesn't exist."
There is a transporter here.
You enter the transporter and appear at another place.
There is a transporter here.
You enter the transporter and appear at another place.
The gnoll hits you with a +1 whip of distortion.
Ouch! That really hurt!
You die...

#### ....
#.©###...# .##
##...##..# #..# .
#....#####..# ..
##.#...§..#.# .
...##...###....##..
...#...#..W..#.#...
...##..#.####..###.
.. ##..##@###...#
..... .
#).#..g.##∩..#
......
...###...##..#
.......
..##..##.##........
.55#©.##.#.........
..##.[##.#.........
###....###.........
#.................
......)............


You could see anet's ghost (unable to see you) and a gnoll (unable to see you).

Vanquished Creatures
  A ribbon worm (D:2)
  An endoplasm (D:2)
  A quokka (D:2)
3 creatures vanquished.

Notes
Turn   | Place    | Note
-------+----------+-------------------------------------------
     0 | D:1      | Kurok the Kobold Enchanter began the quest for the Orb.
     0 | D:1      | Reached XP level 1. HP: 10/10 MP: 3/3
    27 | D:2      | Found a faded altar of an unknown god.
   389 | D:3      | Noticed Grinder
   423 | D:4      | Found a transporter.
   433 | D:4      | Found a transporter.
   445 | D:4      | Found a one-way gate to the infinite horrors of the Abyss.
   445 | D:4      | Noticed anet's ghost (amateur DjHW)
   478 | D:4      | Slain by a gnoll

Illustrated notes

Levels and vault maps discovered:
D:1:      minmay_arrival_hallway, layout_basic
D:2:      minmay_evil_eye, layout_basic, dreamdust_ecumenical_altar_grove,
          glass_columns_a
D:3:      layout_loops_corners, lemuel_tele_altar, serial_shops, shop,
          uniq_natasha, uniq_grinder
D:4:      layout_cave_pools, gammafunk_ghost_abyssal_escape,
          chequers_serial_rivers_small_b

Action                     || total
---------------------------++-------
  Melee: Dagger            ||    36
    Use: Scroll            ||     1
         Potion            ||     1
 Armour: Robe              ||    12
  Dodge: Dodged            ||    33

Table legend: (Time is in decaauts)
 A = Elapsed time spent in this place.
 B = Non-inter-level travel time spent in this place.
 C = Inter-level travel time spent in this place.
 D = Time resting spent in this place.
 E = Time spent auto-exploring this place.
 F = Levels seen in this place.
 G = Mean time per level.
                   A        B        C        D        E       F      G
               +--------+--------+--------+--------+--------+-----+--------+
         Total |    474 |    338 |    136 |     29 |     72 |   4 |  118.5 |
       Dungeon |    474 |    338 |    136 |     29 |     72 |   4 |  118.5 |
               +--------+--------+--------+--------+--------+-----+--------+

Top non-repeatable levels by time:
     D:2: 317 daAuts
     D:3: 78 daAuts
     D:4: 69 daAuts
     D:1: 10 daAuts
